 Dungeon Crawl Stone Soup version 0.29.1-14-g9c671dbff4 (webtiles) character file.

Game seed: 18306711436101041980

98786 leafyfresh the Spry (level 16, -22/124 HPs)
             Began as a Djinni Ice Elementalist on Feb 17, 2023.
             Was an Elder of Ashenzari.
             Annihilated by a radroach (30 damage)
             ... on level 2 of the Spider Nest.
             The game lasted 01:34:22 (40814 turns).

leafyfresh the Spry (Djinni Ice Elementalist)      Turns: 40814, Time: 01:34:23

Health: -22/124    AC: 17    Str:  7    XL:     16   Next: 74%
Gold:   272        EV: 23    Int: 29    God:    Ashenzari [****..] SH:  0 Dex: 16

rFire   + . .      SeeInvis +   s - staff of cold (curse) {Range, Self}
rCold   + . .      Faith    .   (no shield)
rNeg    . . .      Spirit   .   o - +2 leather armour of Supernal Gnosis {Stlth+, Melee, Self} (curse)
rPois   ∞          Reflect  .   z - +0 helmet "Clairvoyant Foul Odours" {Cun, Fort} (curse)
rElec   .          Harm     .   (no cloak)
rCorr   .          Rampage  .   E - +1 pair of gloves of the Restrained Dismay {Cun, Melee} (curse)
Will    +....      Clarity  +   (boots unavailable)
Stlth   +++++.....              I - amulet of the acrobat
HPRegen 0.30/turn               l - ring of the Soothsayer {Int+6, Self, Melee} (curse)
MPRegen 0.00/turn               S - ring of Ashenzari's Repose {Ice, Self, Fort} (curse)

@: ice-armoured, about to teleport, corroded, flying, slowed, very slow
A: sickness immunity, fire resistance 2, cold vulnerability 1, float, innate
caster, HP casting, extra vitality 1
a: Renounce Religion, Curse Item, Shatter the Chains


You were on level 2 of the Spider Nest.
You worshipped Ashenzari.
Ashenzari was greatly pleased with you.
You visited 5 branches of the dungeon, and saw 22 of its levels.

You collected 1812 gold pieces.
You spent 1540 gold pieces at shops.

Inventory:

Hand Weapons
 q - a +0 sling of flaming
 C - the +10 lajatang "Rahoimno" {flame, Int+3}
   (You found it on level 5 of the Lair of Beasts)

   It burns those it strikes, dealing additional fire damage.
   Big, fiery blades are also staple armaments of hydra-hunters.
   Int:       It affects your intelligence (+3).
 P - the +8 hand axe of Qimpat {freeze, *Noise Dex+6}
   (You found it on level 5 of the Lair of Beasts)

   It freezes those it strikes, dealing additional cold damage.
   It can also slow down cold-blooded creatures.
   Dex:       It affects your dexterity (+6).
   *Noise:    It may make noises in combat.
Missiles
 b - 5 atropa-tipped darts (quivered)
 G - 10 curare-tipped darts
 V - 3 silver javelins
Armour
 a - a +0 troll leather armour
 o - the cursed +2 leather armour of Supernal Gnosis (worn) {Stlth+, Melee, Self}
   (You found it on level 10 of the Dungeon)

   Stlth:     It makes you more stealthy.
   It has a curse which improves the following skills: Melee Combat: Short
   Blades, Long Blades, Axes, Maces & Flails, Polearms, Staves and Unarmed
   Combat.
   Introspection: Fighting and Spellcasting.
 v - a +2 leather armour of willpower
 z - the cursed +0 helmet "Clairvoyant Foul Odours" (worn) {Cun, Fort}
   (You found it on level 4 of the Dungeon)

   It has a curse which improves the following skills: Cunning: Dodging and
   Stealth.
   Fortitude: Armour and Shields.
 E - the cursed +1 pair of gloves of the Restrained Dismay (worn) {Cun, Melee}
   (You found it on level 6 of the Dungeon)

   It has a curse which improves the following skills: Cunning: Dodging and
   Stealth.
   Melee Combat: Short Blades, Long Blades, Axes, Maces & Flails, Polearms,
   Staves and Unarmed Combat.
 K - the +4 ring mail of Feasting {Dex+5}
   (You found it on level 7 of the Dungeon)

   Dex:       It affects your dexterity (+5).
 M - a +2 robe of cold resistance
 O - a +2 hat
 R - a +0 tower shield
 T - a +0 cloak
 W - a +3 ring mail of fire resistance
Magical Staves
 s - a cursed staff of cold (weapon) {Range, Self}
 J - a staff of earth
Jewellery
 c - the ring of Moimuos {rElec Will+ rCorr Slay-5}
   (You found it on level 5 of the Lair of Beasts)

   [ring of willpower]

   Slay:      It affects your accuracy & damage with ranged weapons and melee
   (-5).
   rElec:     It insulates you from electricity.
   rCorr:     It protects you from acid and corrosion.
   Will:      It increases your willpower.
 l - the cursed ring of the Soothsayer (left hand) {Int+6, Self, Melee}
   (You found it on level 1 of the Dungeon)

   [ring of intelligence]

   Int:       It affects your intelligence (+6).
   It has a curse which improves the following skills: Introspection: Fighting
   and Spellcasting.
   Melee Combat: Short Blades, Long Blades, Axes, Maces & Flails, Polearms,
   Staves and Unarmed Combat.
 I - an amulet of the acrobat (around neck)
 N - a ring of protection from cold
 S - the cursed ring of Ashenzari's Repose (right hand) {Ice, Self, Fort}
   (You found it on level 2 of the Lair of Beasts)

   [ring of ice]

   It enhances your ice magic.
   rF:        It makes you vulnerable to fire.
   rC:        It protects you from cold.
   It has a curse which improves the following skills: Introspection: Fighting
   and Spellcasting.
   Fortitude: Armour and Shields.
Wands
 d - a wand of flame (23)
 e - a wand of light (6)
 n - a wand of mindburst (12)
 w - a wand of digging (2)
 H - a wand of roots (23)
Scrolls
 f - 6 scrolls of fear
 k - 2 scrolls of silence
 y - 2 scrolls of blinking
 A - 5 scrolls of poison
 U - a scroll of brand weapon
 X - a scroll of fog
 Y - a scroll of enchant armour
Potions
 g - 7 potions of brilliance
 i - 5 potions of lignification
 j - 5 potions of attraction
 m - a potion of invisibility
 p - 2 potions of ambrosia
 r - 5 potions of haste
 u - a potion of curing
 B - 2 potions of berserk rage
 D - a potion of might
 F - 3 potions of cancellation
 L - 3 potions of mutation
Miscellaneous
 h - a phantom mirror (inert)


   Skills:
 - Level 9.6(14.3) Fighting
 - Level 8.5(11.5) Armour
 - Level 17.8(20.6) Dodging
 - Level 6.8(9.8) Stealth
 - Level 5.0(7.9) Shields
 + Level 15.8(20.4) Spellcasting


You had 19 spell levels left.
You knew the following spells:

 Your Spells              Type           Power      Damage    Failure   Level
a - Freeze                Ice            100%       1d11      0%          1
b - Frozen Ramparts       Ice            100%       1d16      0%          3
c - Ozocubu's Armour      Ice            100%       N/A       0%          3
d - Hailstorm             Conj/Ice       100%       3d20      0%          4
e - Summon Small Mammal   Summ           100%       N/A       0%          1
f - Ensorcelled Hibernat  Hex/Ice        100%       N/A       0%          2
g - Ignite Poison         Fire/Tmut/Pois 99%        N/A       0%          3
h - Summon Guardian Gole  Hex/Summ       99%        N/A       0%          3
i - Alistair's Intoxicat  Tmut/Pois      66%        N/A       0%          5
j - Manifold Assault      Tloc           99%        N/A       0%          5
k - Iron Shot             Conj/Erth      49%        9d9       1%          6
Your spell library was empty.

Dungeon Overview and Level Annotations

Branches:
Dungeon (12/15)            Temple (1/1) D:4            Lair (5/5) D:9
 Shoals (0/4) Lair:2       Spider (2/4) Lair:3        Slime (0/5) Lair:4
    Orc (2/2) D:12            Elf (0/3) Orc:2

Altars:
Ashenzari
Cheibriados
Dithmenos
Elyvilon
Fedhas
Gozag
Hepliaklqana
Makhleb
Nemelex Xobeh
Okawaru
Qazlal
Ru
Trog
Uskayaw
Wu Jian
Xom
Yredelemnul
Zin
The Shining One

Shops:
D:4 :   D:6 *[   D:9 *   D:10 :   D:12 [(   Orc:2 *(==


Innate Abilities, Weirdness & Mutations

You are immune to sickness and miasma.
You are immune to poison.
Your flesh is very heat resistant. (rF++)
You are vulnerable to cold. (rC-)
You float through the air rather than walking.
You learn spells naturally, not from books.
Your magical power is your life essence.
You have superior vitality. (+4 MHP)


Message History

The tarantella is almost dead.
The hail pelts the moth of wrath!!!
You kill the moth of wrath!
The wall freezes the tarantella.
The wall freezes the radroach.
The radroach bites you but does no damage.
The radroach closely misses you.
The wall freezes the tarantella.
The tarantella misses you.
The wall freezes the radroach but does no damage.
The radroach bites you!
The radroach claws you but does no damage.
The wall freezes the tarantella.
You kill the tarantella!
The entropy weaver casts a spell at you.
The entropic weave corrodes you!
The wall freezes the radroach but does no damage.
The radroach misses you. The radroach claws you!!
Unknown command.
Casting: Hailstorm (safe; 0% risk of failure)
Confirm with . or Enter, or press ? or * to list all spells.
Aiming: Iron Shot (safe; 1% risk of failure)
Press: ? - help, Shift-Dir - straight line, f - radroach
Aim: a radroach (moderately wounded, berserk, 92% to hit)
The iron shot hits the radroach!!!
The radroach is heavily wounded.
The wall freezes the radroach but does no damage.
The radroach bites you but does no damage.
The radroach claws you.
The wall freezes the steelbarb worm.
The wall freezes the radroach but does no damage.
The radroach bites you!!
* * * LOW HITPOINT WARNING * * *
The radroach claws you.
* * * LOW HITPOINT WARNING * * *
As you read the scroll of teleportation, it crumbles to dust.
You feel strangely unstable.
The frozen ramparts melt away.
The radroach bites you!!
* * * LOW HITPOINT WARNING * * *
The radroach misses you.
The entropy weaver points at you and mumbles some strange words.
The entropic weave corrodes you! The radroach bites you!!
You die...

#..#....#.....#...**,,,,,**,,,*,,
#............##....*,..,,*^,,,*,*
..........^.###...#*(..,,**,,,*,*
......#..######...*#./,,****,,*,*
.....^......###..#.B#****,,*,,,,*
............###..#.#*^,,,*,,,,,**
...#.......#.##..w.#^,,,,*,*,,,**
.....#..##.....wB#.*#,,,**,*,,,**
...........#....@#..##.,*,,*,,,**
#.......................,,,,,,***
#.......................,,,,,^***
#....#...#..............,,,,,,**,
.....#.....#...#########*****,,,^
#............### *****
......#....##* ..<#..#....*
...####*..**


You could see a radroach (berserk), an entropy weaver, a steelbarb worm and a
torpor snail.

Vanquished Creatures
  Gastronok (D:9)
  An emperor scorpion (Spider:1)
  2 ghost moths (Spider:2)
  2 broodmothers
  3 entropy weavers (Spider:1)
  A spark wasp (Spider:1)
  Fannar (Orc:1)
  A radroach (Spider:2)
  2 ogre magi (Orc:2)
  2 hydras (Lair:5)
  A boulder beetle (Spider:2)
  A jorogumo (Spider:2)
  9 two-headed ogres
  5 death yaks (Lair:4)
  An orc high priest (Orc:1)
  Amaemon (D:9)
  3 skeletal warriors (D:12)
  A goliath frog (Lair:5)
  A sun moth (Spider:1)
  3 pharaoh ants
  A steelbarb worm (Spider:1)
  4 orb spiders
  2 deep trolls (Orc:2)
  An orc knight (Orc:1)
  A lindwurm (Lair:3)
  Pikel (D:9)
  9 wolf spiders
  2 cyclopes (Orc:2)
  3 moths of wrath
  20 elephants
  A manticore (Lair:2)
  2 black mambas
  5 torpor snails
  A gargoyle (D:12)
  An orange demon (D:9)
  20 cane toads
  An unseen horror (D:12)
  5 komodo dragons
  Psyche (D:8)
  4 demonic crawlers
  A rime drake (Lair:5)
  A burning bush (Lair:2)
  3 tyrant leeches (Lair:5)
  A wind drake (Lair:2)
  12 trolls
  Grinder (D:3)
  17 tarantellas
  6 slime creatures
  Prince Ribbit (D:8)
  23 blink frogs
  3 dream sheep (Lair:3)
  17 jumping spiders
  Sigmund (D:2)
  2 shadows
  40 yaks
  8 culicivoras
  2 basilisks
  10 humans (D:7)
  2 wyverns
  28 redbacks
  Grum (Lair:1)
  2 steam dragons (D:7)
  8 vampire mosquitoes
  3 wargs (Orc:2)
  Duvessa (D:6)
  4 acid dragons
  14 water moccasins
  4 black bears
  15 orc warriors
  26 ogres
  A sky beast (D:7)
  10 wolves
  2 centaurs
  A kobold brigand (D:9)
  2 phantoms
  A lemure (D:9)
  13 bullfrogs
  4 scorpions
  2 necrophages
  2 wights (D:9)
  Dowan (D:6)
  11 killer bees
  An electric eel (Lair:5)
  5 howler monkeys
  4 jellies
  2 hounds (D:7)
  12 orc priests
  A gnoll bouda (D:5)
  3 iguanas
  Jessica (D:7)
  Ijyb (D:3)
  18 orc wizards
  Robin (D:3)
  2 gnolls (D:5)
  9 adders
  3 shadow imps
  A white imp (D:6)
  An ufetubus (D:7)
  A worm (D:2)
  2 dart slugs
  62 orcs
  6 ball pythons
  7 bats
  9 endoplasms
  3 giant cockroaches
  15 goblins
  6 hobgoblins
  8 jackals
  12 kobolds
  5 quokkas
  5 frilled lizards
  6 rats
646 creatures vanquished.

Vanquished Creatures (collateral kills)
  A hydra (Lair:3)
  A boulder beetle (D:11)
  A redback (Spider:2)
  A wight (D:9)
  A killer bee (D:9)
  3 gnolls (D:5)
  A white imp (D:5)
9 creatures vanquished.

Vanquished Creatures (others)
  A hydra (Lair:5)
  A cyclops (D:11)
  2 demonic plants (D:2)
  48 fungi
  131 plants
183 creatures vanquished.

Grand Total: 838 creatures vanquished

Notes
Turn   | Place    | Note
-------+----------+-------------------------------------------
     0 | D:1      | leafyfresh the Djinni Ice Elementalist began the quest for
                  | the Orb.
     0 | D:1      | leafyfresh set off with the following spells memorised:
                  | Freeze, Frozen Ramparts, Ozocubu's Armour, Hailstorm.
     0 | D:1      | Reached XP level 1. HP: 15/15 MP: 0/0
   387 | D:1      | Reached XP level 2. HP: 7/21 MP: 0/0
  1260 | D:2      | Reached skill level 3 in Dodging
  1260 | D:2      | Reached XP level 3. HP: 22/25 MP: 0/0
  1260 | D:2      | Learned a level 1 spell: Summon Small Mammal
  1688 | D:2      | Noticed Sigmund
  1695 | D:2      | Killed Sigmund
  1696 | D:2      | Reached skill level 4 in Dodging
  1696 | D:2      | Reached XP level 4. HP: 12/31 MP: 0/0
  1696 | D:2      | Reached XP level 5. HP: 14/35 MP: 0/0
  1696 | D:2      | Learned a level 2 spell: Ensorcelled Hibernation
  1696 | D:2      | Reached XP level 6. HP: 16/40 MP: 0/0
  1884 | D:2      | Found a faded altar of an unknown god.
  2236 | D:2      | Reached skill level 5 in Dodging
  3043 | D:3      | Found a hide-covered altar of Uskayaw.
  3164 | D:3      | Noticed Robin
  3181 | D:3      | Killed Robin
  3318 | D:3      | Noticed Ijyb
  3330 | D:3      | Killed Ijyb
  3455 | D:3      | Noticed Grinder
  3629 | D:3      | Found a blossoming altar of Fedhas.
  3671 | D:3      | Killed Grinder
  3672 | D:3      | Reached skill level 6 in Dodging
  3672 | D:3      | Reached skill level 5 in Spellcasting
  3672 | D:3      | Reached XP level 7. HP: 6/45 MP: 0/0
  3672 | D:3      | Learned a level 3 spell: Ignite Poison
  4702 | D:4      | Found a staircase to the Ecumenical Temple.
  4742 | D:4      | HP: 2/45 [goblin/+0 club (1)]
  4750 | Temple   | Entered the Ecumenical Temple
  5892 | D:4      | Found Wunuely's Book Shoppe.
  6077 | D:5      | Entered Level 5 of the Dungeon
  6088 | D:5      | Reached XP level 8. HP: 39/50 MP: 0/0
  6240 | D:5      | Reached skill level 7 in Dodging
  6387 | D:5      | Found a sparkling altar of Nemelex Xobeh.
  6393 | D:5      | Found a shadowy altar of Dithmenos.
  6396 | D:5      | Found an opulent altar of Gozag.
  6396 | D:5      | Found an iron altar of Okawaru.
  6402 | D:5      | Found a broken altar of Ashenzari.
  6461 | D:5      | Became a worshipper of Ashenzari the Shackled
  7364 | D:5      | Reached skill level 8 in Dodging
  7832 | D:6      | Found Tol Ifi's Gadget Gallery.
  7840 | D:6      | Noticed Duvessa
  7841 | D:6      | Reached XP level 9. HP: 40/55 MP: 0/0
  7841 | D:6      | Learned a level 3 spell: Summon Guardian Golem
  7841 | D:6      | Noticed Dowan
  7847 | D:6      | Killed Duvessa
  7853 | D:6      | Killed Dowan
  8224 | D:6      | Reached skill level 9 in Dodging
  8559 | D:6      | Found a bloodstained altar of Trog.
  8799 | D:6      | Found Ugoirch's Antique Armour Shoppe.
  8984 | D:6      | Found an ornate altar of the Wu Jian Council.
  9812 | D:7      | Noticed Jessica
  9820 | D:7      | Reached XP level 10. HP: 51/60 MP: 0/0
  9822 | D:7      | Killed Jessica
  9839 | D:7      | Reached skill level 10 in Spellcasting
 10142 | D:7      | Identified the +4 ring mail of Feasting {Dex+5}
 11802 | D:8      | Noticed Psyche
 11848 | D:8      | Killed Psyche
 11849 | D:8      | Reached XP level 11. HP: 57/65 MP: 0/0
 11849 | D:8      | Learned a level 5 spell: Alistair's Intoxication
 12052 | D:8      | Noticed a two-headed ogre
 12059 | D:8      | Killed a two-headed ogre
 12867 | D:9      | Found Nyud's General Store.
 12884 | D:9      | Noticed Gastronok
 12905 | D:8      | Reached * piety under Ashenzari
 12935 | D:9      | Noticed Prince Ribbit
 12935 | D:9      | Noticed Amaemon
 12941 | D:8      | Killed Prince Ribbit
 13083 | D:9      | Killed Amaemon
 13605 | D:9      | Found a staircase to the Lair.
 13622 | D:9      | Found a shimmering altar of Xom.
 14634 | D:10     | Entered Level 10 of the Dungeon
 14634 | D:10     | Found Saoh's Self-Improvement Boutique.
 14691 | D:10     | Reached ** piety under Ashenzari
 14851 | D:10     | Identified the +2 leather armour of Qazlal's Condemnation
                  | {Stlth+}
 15211 | D:10     | Reached *** piety under Ashenzari
 15235 | D:10     | Reached skill level 1 in Fighting
 15990 | D:11     | Noticed a boulder beetle
 16054 | D:11     | Reached XP level 12. HP: 62/79 MP: 0/0
 16737 | D:11     | Killed a boulder beetle
 16738 | D:11     | Reached skill level 10 in Dodging
 17690 | D:9      | Noticed Pikel
 17695 | D:9      | Killed Pikel
 18205 | D:9      | Killed Gastronok
 18206 | D:9      | Reached skill level 5 in Fighting
 18206 | D:9      | Reached skill level 5 in Stealth
 19060 | Lair:1   | Entered Level 1 of the Lair of Beasts
 19219 | D:9      | Reached skill level 11 in Dodging
 19877 | Lair:1   | Noticed Grum
 19885 | Lair:1   | Killed Grum
 20244 | Lair:1   | Reached XP level 13. HP: 76/93 MP: 0/0
 20244 | Lair:1   | Learned a level 5 spell: Manifold Assault
 21170 | Lair:2   | Found a staircase to the Shoals.
 21804 | Lair:3   | Reached skill level 12 in Dodging
 22078 | Lair:3   | Reached skill level 1 in Armour
 22752 | Lair:3   | Found a hole to the Spider Nest.
 23474 | Lair:3   | Noticed an eight-headed hydra
 23499 | Lair:3   | Killed an eight-headed hydra
 24559 | Lair:4   | Found a staircase to the Slime Pits.
 24856 | Lair:4   | Identified the +3 mace of Hepliaklqana's Esteem {freeze,
                  | *Rage rElec Will+++ Dex+3}
 25160 | Lair:4   | Reached skill level 13 in Dodging
 25179 | Lair:4   | Reached XP level 14. HP: 43/107 MP: 0/0
 26046 | Lair:5   | Entered Level 5 of the Lair of Beasts
 26319 | Lair:5   | Reached skill level 5 in Armour
 26786 | Lair:5   | Reached **** piety under Ashenzari
 27758 | Lair:5   | Reached skill level 14 in Dodging
 28504 | Lair:5   | Identified the ring of Moimuos {rElec Will+ rCorr Slay-5}
 28504 | Lair:5   | Identified the +8 hand axe of Qimpat {freeze, *Noise Dex+6}
 28504 | Lair:5   | Identified the +10 lajatang "Rahoimno" {flame, Int+3}
 30686 | D:12     | Found Pikleemp's Weapon Shop.
 30704 | D:12     | Found a staircase to the Orcish Mines.
 30705 | D:12     | Found Akle's Armour Shop.
 30716 | Orc:1    | Entered Level 1 of the Orcish Mines
 30722 | Orc:1    | Reached skill level 1 in Shields
 30725 | Orc:1    | Reached XP level 15. HP: 76/118 MP: 0/0
 30725 | Orc:1    | Learned a level 6 spell: Iron Shot
 31244 | Orc:2    | Entered Level 2 of the Orcish Mines
 31467 | Orc:2    | Found a staircase to the Elven Halls.
 31467 | Orc:2    | Found Zushrupla's Assorted Antiques.
 31478 | Orc:2    | Reached skill level 5 in Shields
 31859 | Orc:2    | Reached skill level 15 in Dodging
 32879 | Orc:2    | Reached skill level 16 in Dodging
 32970 | Orc:2    | Paralysed by an ogre mage for 4 turns
 33291 | Orc:2    | Found Efinumit's Antique Weapon Shop.
 33495 | Orc:2    | Found Yredic's Jewellery Emporium.
 33558 | Orc:2    | Found Piuwn's Jewellery Emporium.
 33922 | Orc:2    | Bought an amulet of the acrobat for 420 gold pieces
 34407 | Orc:1    | Noticed Fannar
 34407 | Orc:1    | Noticed an orc warlord
 34415 | Orc:1    | Killed Fannar
 34761 | D:12     | Reached skill level 17 in Dodging
 35056 | D:10     | Bought a manual of Spellcasting for 1120 gold pieces
 35524 | Spider:1 | Entered Level 1 of the Spider Nest
 36074 | Spider:1 | Noticed an emperor scorpion
 36374 | Spider:1 | Killed an emperor scorpion
 37062 | Spider:1 | Reached XP level 16. HP: 84/124 MP: 0/0
 39964 | Spider:2 | Reached skill level 15 in Spellcasting
 39966 | Spider:2 | HP: 4/124 [boulder beetle (51)]
 40814 | Spider:2 | Annihilated by a radroach

Illustrated notes

Levels and vault maps discovered:
D:1:      saegor_arrival_simple_d, layout_rooms, serial_forest,
          infiniplex_forest_end_1, infiniplex_forest_straight_4,
          infiniplex_forest_clump_curved, infiniplex_forest_clump_curved,
          infiniplex_forest_clump_diagonal, infiniplex_forest_lined_room_2,
          infiniplex_forest_clump_small, infiniplex_forest_lined_corner
D:2:      kb_forest_paths, layout_basic,
          dreamdust_ecumenical_altar_sealed_demon, bh_walls_and_bars,
          uniq_sigmund
D:3:      layout_basic, mainiacjoe_overflow_swirl, uniq_ijyb, uniq_grinder,
          uniq_robin
D:4:      layout_basic, minmay_temple_entry_waves, serial_shops,
          nicolae_shop_hallway_plus, minmay_close_crescents
D:5:      layout_loops_cross, nicolae_overflow_hallway_of_the_gods
D:6:      layout_rooms, mainiacjoe_overflow_catch_the_wave, serial_shops,
          nicolae_shop_hallway_plus, nicolae_shop_gadgets, uniq_duvessa
D:7:      erik_cavepeople, layout_basic
D:8:      layout_basic, solitary_fountain, kennysheep_generic_room_15,
          uniq_psyche
D:9:      layout_stronghold, mainiacjoe_overflow_surrounded_room,
          lair_entry_dummy, serial_shops, nicolae_shop_hallway_plus,
          serial_park_tiny_1, kennysheep_generic_room_4, uniq_prince_ribbit1,
          uniq_pikel, uniq_amaemon, uniq_gastronok
D:10:     layout_loops_ring, minmay_liquid_box, nicolae_shop_self_help
D:11:     layout_big_octagon, minmay_misc_feat_encased
D:12:     layout_small_grid, orc_david_3
Temple:   nicolae_temple_godzebo
Lair:1:   layout_roguey, infiniplex_staircase_pool_2, uniq_grum
Lair:2:   layout_small_grid, minmay_shoals_entry_beasts, evilmike_ambush
          [evilmike_ambush_outer_corners, evilmike_ambush_inner_wall_1]
Lair:3:   layout_cave_pods, spider_nest_entry_a
Lair:4:   layout_roguey, minmay_slime_entry_pillars, serial_bayou_shore_a
Lair:5:   minmay_lair_end_frog_pond, layout_layer_cave
Spider:1: nicolae_spider_hilbert_zone_5 [nicolae_spider_hilbert_3_sides_1_open,
          nicolae_spider_hilbert_4_sides_1_open,
          nicolae_spider_hilbert_4_sides_1_open,
          nicolae_spider_hilbert_6_sides_1_open,
          nicolae_spider_hilbert_6_sides_1_open]
Spider:2: nicolae_spider_mines_1, portal_ice_cave_entry_pillars_three,
          nicolae_spider_bug_shape
Orc:1:    layout_caves, uniq_fannar
Orc:2:    st_orc_open, layout_caves

Skill      XL: |  1  2  3  4  5  6  7  8  9 10 11 12 13 14 15 16 |
---------------+-------------------------------------------------+-----
Dodging        | 3 4 6 8 9 11 13 14 17 | 17.8
Spellcasting   | 4 5 6 8 11 12 15 | 15.8
Fighting       | 2 6 8 9 |  9.6
Stealth        | 3 6 |  6.8
Armour         | 4 8 |  8.5
Shields        | 1 5 |  5.0

Action                   |  1- 3 |  4- 6 |  7- 9 | 10-12 | 13-15 | 16-18 || total
-------------------------+-------+-------+-------+-------+-------+-------++-------
Melee: Dagger            |     5 |     6 |   107 |       |       |       ||   118
       Unarmed           |     3 |       |       |       |       |       ||     3
       Hand axe          |       |       |    43 |    24 |       |       ||    67
       Punch             |       |       |     1 |       |       |       ||     1
       Mace              |       |       |       |    62 |       |       ||    62
       Staff             |       |       |       |    28 |    47 |       ||    75
 Fire: Sling             |    68 |    83 |     4 |       |       |       ||   155
Throw: Dart              |       |       |       |     1 |       |       ||     1
 Cast: Freeze            |    12 |    22 |    32 |    90 |   200 |     8 ||   364
       Frozen Ramparts   |     1 |     5 |    29 |    47 |    86 |    14 ||   182
       Ozocubu's Armour  |     1 |     3 |     6 |    31 |    50 |    10 ||   101
       Summon Small Mamm |     1 |     3 |     2 |    14 |     8 |     1 ||    29
       Hailstorm         |       |     4 |    15 |    71 |   192 |    21 ||   303
       Summon Guardian G |       |       |     2 |     4 |     4 |       ||    10
       Alistair's Intoxi |       |       |       |     7 |     8 |       ||    15
       Ensorcelled Hiber |       |       |       |     1 |     4 |     2 ||     7
       Manifold Assault  |       |       |       |       |     2 |       ||     2
       Iron Shot         |       |       |       |       |   105 |    83 ||   188
Invok: Curse Item        |       |       |     1 |     3 |     2 |       ||     6
Evoke: Phantom mirror    |       |       |       |       |       |     1 ||     1
  Use: Potion            |       |       |     7 |       |     2 |     5 ||    14
       Scroll            |       |       |     5 |    13 |    10 |     3 ||    31
 Stab: Sleeping          |     1 |       |     4 |       |       |       ||     5
Armor: Robe              |     3 |    19 |    35 |    45 |       |       ||   102
       Skin              |       |       |    33 |       |       |       ||    33
       Leather armour    |       |       |       |    39 |   125 |    31 ||   195
Dodge: Dodged            |    36 |    65 |   178 |   270 |   309 |    82 ||   940
